 Dungeon Crawl Stone Soup version 0.19.5 (webtiles) character file.

98 Gargoyl the Skirmisher (level 4, 0/40 HPs)
             Began as a Ghoul Abyssal Knight on Mar 24, 2017.
             Was a Follower of Lugonu.
             Slain by an orc priest
             ... wielding a +0 dagger
              (4 damage)
             ... on level 3 of the Dungeon.
             The game lasted 00:04:02 (1979 turns).

Gargoyl the Skirmisher (Ghoul Abyssal Knight)       Turns: 1979, Time: 00:04:02

Health: 0/40       AC:  8    Str: 15    XL:     4   Next: 71%
Magic:  4/4        EV:  6    Int:  7    God:    Lugonu [*.....]
Gold:   75         SH:  0    Dex:  9    Spells: 0 memorised, 3 levels left

rFire  . . .     SeeInvis .     a - +3 hand axe
rCold  + . .     Gourm    .     d - +0 chain mail
rNeg   + + +     Faith    .     (no shield)
rPois  ∞         Spirit   .     (no helmet)
rElec  .         Reflect  .     (no cloak)
rCorr  .         Harm     .     (no gloves)
MR     .....                    (no boots)
Stlth  ..........               (no amulet)
                                (no ring)
                                (no ring)

@: rotting
A: rotting body, claws 1, carnivore 3, cold resistance 1, negative energy
resistance 3, slow regeneration 1, torment resistance, unbreathing
a: Depart the Abyss, Renounce Religion


You were on level 3 of the Dungeon.
You worshipped Lugonu.
Lugonu was aware of your devotion.
You were not hungry.

You visited 1 branch of the dungeon, and saw 3 of its levels.
You visited the Abyss 1 time.

You collected 75 gold pieces.

Inventory:

Hand Weapons
 a - a +3 hand axe (weapon)
 s - a +2 flail of protection
Missiles
 n - 8 tomahawks (quivered)
Armour
 b - a +0 leather armour
 d - a +0 chain mail (worn)
Wands
 p - a wand of slowing (21/48)
 r - a wand of polymorph (5/24)
Scrolls
 i - a scroll of identify
 j - a scroll of magic mapping
Potions
 e - a potion of curing
 g - a potion of invisibility {unknown}
 h - 3 potions of ambrosia {unknown}
 k - a potion of cure mutation {unknown}
 l - a potion of haste {unknown}
 m - a potion of degeneration {unknown}
 o - a potion of heal wounds {unknown}
 q - a potion of agility {unknown}
Comestibles
 c - a meat ration
 f - 6 chunks of flesh


   Skills:
 + Level 4.1 Fighting
 + Level 2.8 Axes
 * Level 2.6 Armour
 + Level 0.8 Dodging
 * Level 2.4 Invocations


You had 3 spell levels left.
You didn't know any spells.

Dungeon Overview and Level Annotations

Branches:
Dungeon (3/15)

Altars:
Fedhas
Hepliaklqana
Trog

Annotations:
D:2 exclusion: oklob plant


Innate Abilities, Weirdness & Mutations

Your body is rotting away.
You thrive on raw meat.
You are immune to poison.
You have sharp fingernails.
You are carnivorous and can eat meat at any time.
Your flesh is cold resistant. (rC+)
You are immune to negative energy. (rN+++)
You regenerate slowly when monsters are visible.
You are immune to unholy pain and torment.
You can survive without breathing.


Message History

The orc priest mumbles some strange prayers to Beogh against you.
Beogh smites you!
You closely miss the orc.
The orc priest hits you from afar with a trident.
You hit the orc.
The orc is heavily wounded.
The orc hits you.
The orc priest hits you from afar with a trident.
You hit the orc.
The orc is almost dead.
The orc hits you but does no damage.
The orc priest calls down the wrath of Beogh upon you.
Beogh smites you!
* * * LOW HITPOINT WARNING * * *
Unknown command.
You hit the orc.
You kill the orc!
Lugonu accepts your kill.
You barely miss the orc priest. The orc priest hits you with a dagger.
You die...

# #. # #.## #+## #. ...
##...## #. #.#
##.....## . #..##
##.......##
##.o.####.........###
#.o[@...'.........+..
#.......###.........###
#.#####.# ##.......#
#.# ##.....## #.#
##[..## # #.# ##'## #
#.# #.# # ..# #.# #
##.## #


You could see 2 orc priests.

Vanquished Creatures
  Terence (D:3)
  2 adders
  An ooze (D:2)
  3 leopard geckos (D:3)
  2 orcs (D:3)
  6 giant cockroaches
  3 goblins (D:1)
  4 hobgoblins
  3 jackals (D:1)
  6 kobolds
  2 quokkas (D:3)
  2 ball pythons
  3 bats
  2 frilled lizards (D:3)
  5 rats
45 creatures vanquished.

Notes
Turn   | Place    | Note
-------+----------+-------------------------------------------
     0 | Abyss:1  | Gargoyl the Ghoul Abyssal Knight began the quest for the Orb.
     0 | Abyss:1  | Reached XP level 1. HP: 19/19 MP: 1/1
    83 | Abyss:2  | Noticed a worldbinder
    85 | Abyss:2  | Noticed a black mamba
    85 | Abyss:2  | Noticed a naga
    95 | Abyss:2  | Noticed a mana viper
    95 | Abyss:2  | Noticed a black mamba
    95 | Abyss:2  | Noticed a naga
    96 | D:1      | Escaped the Abyss
   362 | D:1      | Reached XP level 2. HP: 26/26 MP: 2/2
   439 | D:1      | Reached * piety under Lugonu
   884 | D:2      | Reached XP level 3. HP: 27/33 MP: 3/3
  1471 | D:2      | Reached skill level 4 in Fighting
  1504 | D:2      | Found a blossoming altar of Fedhas.
  1530 | D:2      | Noticed an oklob plant
  1635 | D:3      | Found a hazy altar of Hepliaklqana.
  1649 | D:3      | Reached XP level 4. HP: 40/40 MP: 4/4
  1825 | D:3      | Found a bloodstained altar of Trog.
  1938 | D:3      | Noticed Terence
  1955 | D:3      | Killed Terence
  1979 | D:3      | Slain by an orc priest

Skill      XL: |  1  2  3 |
---------------+----------+-----
Armour         | 2 |  2.6
Axes           | 2 |  2.8
Fighting       | 4 |  4.1
Dodging        | |  0.8
Invocations    | |  2.4

Action                   |  1- 3 |  4- 6 || total
-------------------------+-------+-------++-------
Melee: Hand axe          |   125 |    48 ||   173
       Flail             |       |     4 ||     4
Invok: Depart the Abyss  |     1 |       ||     1
  Use: Scroll            |     6 |       ||     6
  Eat: Chunk             |    10 |     3 ||    13
Armor: Chain mail        |   120 |    32 ||   152
Dodge: Dodged            |    60 |     7 ||    67
